 Dungeon Crawl Stone Soup version 0.28.0 (webtiles) character file.

Game seed: 17945820470201435430

140 Ayyar the Skirmisher (level 5, 0/33 HPs)
             Began as a Gargoyle Fighter on Apr 28, 2022.
             Slain by an orc wizard (4 damage)
             ... on level 3 of the Dungeon.
             The game lasted 00:05:03 (2022 turns).

Ayyar the Skirmisher (Gargoyle Fighter)             Turns: 2022, Time: 00:05:04

Health: 0/33       AC: 12    Str: 21    XL:     5   Next: 23%
Magic:  5/5        EV:  9    Int:  9    God:
Gold:   94         SH:  9    Dex:  9    Spells: 4/4 levels left

rFire   . . .      SeeInvis .   i - +0 whip (freeze)
rCold   . . .      Faith    .   c - +0 buckler
rNeg    + . .      Spirit   .   b - +0 scale mail
rPois   ∞          Reflect  +   (no helmet)
rElec   +          Harm     .   (no cloak)
rCorr   .          Rampage  .   (no gloves)
Will    .....                   k - +0 pair of boots
Stlth   ..........              h - amulet of reflection
HPRegen 0.11/turn               (no ring)
MPRegen 0.09/turn               (no ring)

@: no status effects
A: sickness immunity, AC +4, negative energy resistance 1, electricity
resistance, torment resistance 1, petrification resistance
a: no special abilities


You were on level 3 of the Dungeon.
You visited 1 branch of the dungeon, and saw 3 of its levels.

You collected 94 gold pieces.

Inventory:

Hand Weapons
 a - a +0 flail
 i - a +0 whip of freezing (weapon)
Missiles
 j - a throwing net (quivered)
Armour
 b - a +0 scale mail (worn)
 c - a +0 buckler (worn)
 k - a +0 pair of boots (worn)
Jewellery
 h - an amulet of reflection (around neck)
Scrolls
 e - a scroll of enchant weapon {unknown}
 f - 2 scrolls of identify {unknown}
 n - a scroll of amnesia {unknown}
 o - a scroll of teleportation {unknown}
Potions
 d - a potion of might
 g - 2 potions of curing {unknown}
 l - 2 potions of haste {unknown}
 m - a potion of lignification {unknown}


   Skills:
 + Level 4.0 Fighting
 * Level 3.4 Maces & Flails
 + Level 3.9 Armour
 - Level 2.0 Stealth
 + Level 3.9 Shields


You had 4 spell levels left.
You didn't know any spells.
Your spell library was empty.

Dungeon Overview and Level Annotations

Branches:
Dungeon (3/15)

Altars:


Innate Abilities, Weirdness & Mutations

You are immune to sickness and miasma.
Your stone body is resilient. (AC +4)
You are immune to poison.
You resist negative energy. (rN+)
You are resistant to electric shocks. (rElec)
You are resistant to unholy torment.
You are immune to petrification.


Message History

The orc is severely wounded.
The orc hits you with a +0 short sword. The orc hits you but does no damage.
The orc wizard casts a spell.
The orc wizard flickers and vanishes!
The orc hits you but does no damage.
You hit the orc. You freeze the orc.
You kill the orc!
The orc hits you but does no damage. x2
Your Fighting skill increases to level 4!
You completely miss the orc. The orc hits you but does no damage.
You hit the orc. You freeze the orc.
The orc is heavily wounded.
The orc hits you but does no damage. x2
The orc priest calls down the wrath of Beogh upon you.
Beogh smites you!
You hit the orc. You freeze the orc.
The orc is heavily wounded.
You block the orc's attack. The orc hits you but does no damage.
You hit the orc. You freeze the orc.
The orc is almost dead.
The orc hits you with a +0 hand axe.
You barely miss the orc.
The orc is heavily wounded.
You block the orc's attack. The orc closely misses you.
You whack the orc! You freeze the orc.
You kill the orc!
You closely miss the orc.
The orc is almost dead.
You block the orc's attack. Something hits you but does no damage.
You hit the orc. You freeze the orc.
You kill the orc!
Something hits you but does no damage.
You hit the orc priest but do no damage.
The orc priest mumbles some strange prayers to Beogh against you.
Beogh smites you!
* * * LOW HITPOINT WARNING * * *
Something hits you but does no damage.
You closely miss the orc priest.
The orc priest hits you but does no damage.
Something hits you.
You die...

##............# #
.(...........#
#########
..##...........#
#.......#
...............#
#.......#
##.............#
#.......##
.......).......#
#........##
...............#
##.#####..#
.....#####....o###
##.# ##.# ..##
#####)@.###..# #.###
. ###)....## ##....
####.....######.....
#......#.........#.#
#.>........##..###.#
#......###....## #.#
#......# ##..#####..
#......# ##........#
..##.#......#
#...##.....


You could see an orc priest.

Vanquished Creatures
  4 gnolls
  4 adders (D:2)
  A dart slug (D:1)
  7 orcs (D:3)
  2 bats
  3 giant cockroaches
  6 goblins
  5 hobgoblins
  3 jackals (D:2)
  6 kobolds
  3 quokkas
  6 ball pythons
  4 frilled lizards
  4 rats
58 creatures vanquished.

Notes
Turn   | Place    | Note
-------+----------+-------------------------------------------
     0 | D:1      | Ayyar the Gargoyle Fighter began the quest for the Orb.
     0 | D:1      | Reached XP level 1. HP: 14/14 MP: 1/1
   207 | D:1      | Reached XP level 2. HP: 15/19 MP: 2/2
   317 | D:1      | Reached skill level 1 in Stealth
   319 | D:1      | Reached XP level 3. HP: 15/23 MP: 3/3
   853 | D:2      | Found a faded altar of an unknown god.
  1057 | D:2      | Reached XP level 4. HP: 26/29 MP: 4/4
  1415 | D:2      | Reached XP level 5. HP: 33/33 MP: 5/5
  2013 | D:3      | Reached skill level 4 in Fighting
  2022 | D:3      | Slain by an orc wizard

Illustrated notes

Levels and vault maps discovered:
D:1:      dpeg_arrival_stone_temple_mockup, layout_rooms
D:2:      layout_basic, basic_ecumenical_altar
D:3:      layout_rooms, chequers_serial_rivers_large_b,
          hangedman_decor_peaks_small

Skill      XL: |  1  2  3  4  5 |
---------------+----------------+-----
Stealth        | 1 2 |  2.0
Maces & Flails | 3 |  3.4
Fighting       | 4 |  4.0
Armour         | |  3.9
Shields        | |  3.9

Action                   |  1- 3 |  4- 6 || total
-------------------------+-------+-------++-------
Melee: Flail             |    51 |       ||    51
       Whip              |    25 |    93 ||   118
Armor: Scale mail        |    32 |    39 ||    71
Dodge: Dodged            |    31 |    36 ||    67
Block: Buckler           |    27 |    46 ||    73
       Reflection        |     2 |       ||     2
